 Dungeon Crawl Stone Soup version 0.28.0 (webtiles) character file.

Game seed: 16381809649935673810

26 sasquatch the Chopper (level 3, -6/33 HPs)
             Began as a Hill Orc Monk on Feb 7, 2022.
             Mangled by Natasha (8 damage)
             ... on level 2 of the Dungeon.
             The game lasted 00:01:19 (1939 turns).

sasquatch the Chopper (Hill Orc Monk)               Turns: 1939, Time: 00:01:20

Health: -6/33      AC:  2    Str: 15    XL:     3   Next: 8%
Magic:  3/3        EV: 12    Int: 10    God:
Gold:   30         SH:  0    Dex: 13    Spells: 2/2 levels left

rFire   . . .      SeeInvis .   a - +0 hand axe
rCold   . . .      Faith    .   (no shield)
rNeg    . . .      Spirit   .   b - +0 robe
rPois   .          Reflect  .   (no helmet)
rElec   .          Harm     .   (no cloak)
rCorr   .          Rampage  .   (no gloves)
Will    .....                   (no boots)
Stlth   ++........              (no amulet)
HPRegen 0.11/turn               (no ring)
MPRegen 0.08/turn               (no ring)

@: no status effects
A: no striking features
a: no special abilities


You were on level 2 of the Dungeon.
You visited 1 branch of the dungeon, and saw 2 of its levels.

You collected 30 gold pieces.

Inventory:

Hand Weapons
 a - a +0 hand axe (weapon)
Armour
 b - a +0 robe (worn)
Scrolls
 c - a scroll of identify {unknown}
 e - a scroll of blinking {unknown}
 f - 2 scrolls of fear {unknown}
 h - a scroll of magic mapping {unknown}
 i - a scroll of immolation {unknown}
Potions
 d - a potion of magic {unknown}
 g - a potion of attraction {unknown}


   Skills:
 + Level 4.1 Fighting
 * Level 5.1 Axes
 - Level 2.4 Dodging
 - Level 1.5 Stealth


You had 2 spell levels left.
You didn't know any spells.
Your spell library contained the following spells:

 Spells                   Type           Power      Damage    Failure   Level
 Sublimation of Blood     Necr           0%         N/A       50%         2
 Wereblood                Tmut           0%         N/A       50%         2
 Summon Hydra             Summ           0%         N/A       100%        7


Dungeon Overview and Level Annotations

Branches:
Dungeon (2/15)

Altars:

Shops:
D:2 (

Annotations:
D:2 Natasha


Message History

You barely miss the white imp. The white imp hits you.
The white imp freezes you. Natasha claws you.
You are too injured to fight recklessly!
You are too injured to fight recklessly!
You are too injured to fight recklessly!
Unknown command.
You hit Natasha.
Natasha is heavily wounded.
You hit the white imp. The white imp hits you. The white imp freezes you.
Natasha barely misses you.
Unknown command.
You miss Natasha.
Natasha is heavily wounded.
You hit the white imp.
The white imp hits you but does no damage.
Natasha stares at you and mumbles some strange words.
You struggle to resist.
Unknown command.
You hit Natasha.
Natasha is severely wounded.
You barely miss the white imp. The white imp hits you.
The white imp freezes you.
* * * LOW HITPOINT WARNING * * *
Natasha stares at you and mumbles some strange words.
The magic dart hits you.
* * * LOW HITPOINT WARNING * * *
Okay, then.
You completely miss Natasha.
Natasha is severely wounded.
You hit the white imp. The white imp barely misses you.
Natasha closely misses you.
Unknown command.
Unknown command.
You miss Natasha.
Natasha is severely wounded.
You hit the white imp.
You kill the white imp!
The white imp disappears in a puff of smoke!
Natasha claws you!
You die...

#..#......#
#..#....###
#..##.###
#.....#
##.####.##
#....!...
#..###.##
#..# #@.#
#h§# #..#
#..# #..#
#..# #..#
#...


You could see Natasha (empowered).

Vanquished Creatures
  3 bats
  An endoplasm (D:1)
  A goblin (D:2)
  3 jackals (D:1)
  4 quokkas
  2 ball pythons (D:2)
  3 frilled lizards
  3 kobolds
  7 rats
27 creatures vanquished.

Notes
Turn   | Place    | Note
-------+----------+-------------------------------------------
     0 | D:1      | sasquatch the Hill Orc Monk began the quest for the Orb.
     0 | D:1      | Reached XP level 1. HP: 19/19 MP: 1/1
   621 | D:1      | Reached XP level 2. HP: 20/27 MP: 2/2
  1676 | D:2      | Found Hyugagof's Antique Weapon Shoppe.
  1687 | D:2      | Reached skill level 5 in Axes
  1827 | D:2      | Reached XP level 3. HP: 33/33 MP: 3/3
  1924 | D:2      | Noticed Natasha
  1937 | D:2      | HP: 1/33 [Natasha/magic dart (5)]
  1939 | D:2      | Mangled by Natasha

Illustrated notes

Levels and vault maps discovered:
D:1:      roderic_crop_circles_arrival_small, layout_basic
D:2:      layout_basic, serial_shops, nicolae_shop_behind_doors,
          serial_aquarium, aquarium_bridge_square [aquarium_subvault_window,
          aquarium_subvault_window, aquarium_subvault_window,
          aquarium_subvault_bridge], aquarium_window_1,
          aquarium_window_corridor_3, aquarium_window_fake, aquarium_view_2d,
          aquarium_pool_side, uniq_natasha

Skill      XL: |  1  2 |
---------------+-------+-----
Fighting       | 4 |  4.1
Axes           | 5 |  5.1
Dodging        | |  2.4
Stealth        | |  1.5

Action                   || total
-------------------------++-------
Melee: Hand axe          ||    77
 Stab: Sleeping          ||     3
Armor: Robe              ||    11
Dodge: Dodged            ||    52
